 Dungeon Crawl Stone Soup version 0.24.0-13-gcf9b3192b9 (webtiles) character file.

Game seed: 12220398207216465967, levelgen mode: deterministic

362 swlaerka the Chopper (level 6, -4/82 HPs)
             Began as a Hill Orc Fighter on Nov 8, 2019.
             Was a Follower of Makhleb.
             Slain by an ogre
             ... wielding a +0 giant spiked club
              (17 damage)
             ... on level 4 of the Dungeon.
             The game lasted 00:26:22 (4757 turns).

swlaerka the Chopper (Hill Orc Fighter)             Turns: 4757, Time: 00:26:23

Health: -4/82      AC: 23    Str: 18 (21) XL:     6   Next: 66%
Magic:  6/6        EV:  2    Int:  6 (8)  God:    Makhleb [*.....]
Gold:   162        SH:  9    Dex: 10      Spells: 5/5 levels left

rFire    . . .     SeeInvis .   a - +0 war axe
rCold    . . .     Gourm    .   c - +0 shield
rNeg     + + +     Faith    .   (armour currently unavailable)
rPois    +         Spirit   .   (helmet currently unavailable)
rElec    .         Reflect  .   (cloak currently unavailable)
rCorr    .         Harm     .   (gloves currently unavailable)
MR       .....     NoTele   +   (boots currently unavailable)
Stlth    +.........             (no amulet)
HPRegen  0.23/turn              (no ring)
MPRegen  0.10/turn              (no ring)

@: tree-form
A: no striking features
a: Renounce Religion


You were on level 4 of the Dungeon.
You worshipped Makhleb.
Makhleb was aware of your devotion.
You were not hungry.
You were a tree.
You visited 1 branch of the dungeon, and saw 4 of its levels.

You collected 162 gold pieces.

Inventory:

Hand Weapons
 a - a +0 war axe (weapon)
Armour
 b - a +0 scale mail (melded)
 c - a +0 shield (worn)
 h - a +0 scale mail
 o - a +1 pair of gloves (melded)
 s - a +0 chain mail
Jewellery
 g - an uncursed ring of positive energy
 u - an uncursed ring of see invisible {unknown}
Scrolls
 d - 3 scrolls of identify {unknown}
 e - 5 scrolls of teleportation {unknown}
 j - a scroll of blinking {unknown}
 k - 2 scrolls of enchant armour {unknown}
 l - a scroll of noise {unknown}
 m - a scroll of immolation {unknown}
Potions
 i - 2 potions of degeneration
 n - a potion of brilliance
 r - a potion of agility {unknown}
 t - a potion of flight {unknown}
Comestibles
 f - 8 rations
 p - a chunk of flesh


   Skills:
 + Level 4.9 Fighting
 + Level 6.0 Axes
 + Level 4.3 Armour
 + Level 1.1 Dodging
 + Level 0.4 Stealth
 + Level 4.3 Shields


You had 5 spell levels left.
You didn't know any spells.
Your spell library was empty.

Dungeon Overview and Level Annotations

Branches:
Dungeon (4/15)
 Temple: D:4-7

Altars:
Ashenzari
Makhleb
Wu Jian

Annotations:
D:4 Ijyb


Message History

You are too injured to fight recklessly!
You are too injured to fight recklessly!
You are too injured to fight recklessly!
You closely miss Ijyb.
Ijyb is moderately wounded.
You hit the ogre. Ijyb screams, "I dance on your bones!"
Ijyb zaps a wand.
You resist with some effort.
The ogre hits you with a +0 giant spiked club!
* * * LOW HITPOINT WARNING * * *
Ijyb hits you but does no damage.
You are too injured to fight recklessly!
You hit Ijyb.
Ijyb is moderately wounded.
You barely miss the ogre. Ijyb hits you but does no damage.
You hit Ijyb.
Ijyb is moderately wounded.
You slash the ogre!
The ogre hits you with a +0 giant spiked club!
You die...

... .... . #...# ..
....# . .... .. ...#
.... ........
#..########....
..[......##..##.........
................♣g....$.
.≈≈≈ ≈≈..........O......
≈≈# #≈≈.............[..
≈# ##≈................
≈# #≈.....#.......... ≈#
#≈....##.......... ≈##
##≈.....#.........#
≈≈####≈≈...........#####
.≈≈≈≈≈≈.......######


You could see an ogre and Ijyb.

Vanquished Creatures
  A crimson imp (D:3)
  2 orc priests (D:4)
  An iguana (D:4)
  3 orc wizards
  6 adders
  An ooze (D:2)
  2 worms (D:2)
  A leopard gecko (D:3)
  15 orcs
  2 ball pythons
  A giant cockroach (D:1)
  8 goblins
  12 hobgoblins
  6 jackals
  6 kobolds
  2 quokkas
  6 bats
  5 frilled lizards
  A quokka zombie (D:2)
  7 rats
88 creatures vanquished.

Notes
Turn   | Place    | Note
-------+----------+-------------------------------------------
     0 | D:1      | swlaerka the Hill Orc Fighter began the quest for the Orb.
     0 | D:1      | Reached XP level 1. HP: 19/19 MP: 1/1
   161 | D:1      | Reached XP level 2. HP: 27/27 MP: 2/2
   429 | D:1      | Reached skill level 3 in Axes
   624 | D:1      | Reached XP level 3. HP: 33/33 MP: 3/3
  1425 | D:2      | Reached XP level 4. HP: 5/41 MP: 4/4
  2073 | D:2      | Reached skill level 4 in Axes
  2701 | D:3      | Found an ornate altar of the Wu Jian Council.
  3039 | D:3      | Found a burning altar of Makhleb.
  3070 | D:3      | Reached XP level 5. HP: 47/47 MP: 5/5
  3075 | D:3      | Became a worshipper of Makhleb the Destroyer
  3427 | D:3      | Reached skill level 1 in Dodging
  3735 | D:4      | Found a shattered altar of Ashenzari.
  3818 | D:4      | Reached skill level 5 in Axes
  3818 | D:4      | Reached XP level 6. HP: 15/55 MP: 6/6
  4175 | D:4      | HP: 1/55 [orc/+0 trident (9)]
  4176 | D:4      | Reached * piety under Makhleb
  4745 | D:4      | Reached skill level 6 in Axes
  4745 | D:4      | Noticed Ijyb
  4757 | D:4      | Slain by an ogre

Levels and vault maps discovered:
D:1:      minmay_arrival_arboretum_small, layout_basic, serial_co_window_serial,
          co_window_paths_b, co_window_paths_a, co_window_corner_a,
          co_window_corner_a, co_window_paths_a, co_window_of_opportunity_a,
          co_window_corner_ca, co_window_of_opportunity_b, co_window_broadway_b,
          co_window_4corner_a, glass_columns_b, glass_columns_b,
          glass_columns_a, glass_columns_c
D:2:      layout_loops_ring, minivault_5
D:3:      layout_rooms, makhleb_grotto_becter, old_standard_altar, first_ration,
          serial_bayou_crossing
D:4:      layout_cave_pods, nicolae_ashenzari_panopticon,
          kennysheep_decorative_pillar, uniq_natasha, uniq_ijyb

Skill      XL: |  1  2  3  4  5  6 |
---------------+-------------------+-----
Fighting       | 4 |  4.9
Axes           | 3 4 5 6 |  6.0
Shields        | 4 |  4.3
Armour         | 4 |  4.3
Dodging        | 1 |  1.1
Stealth        | |  0.4

Action                   |  1- 3 |  4- 6 || total
-------------------------+-------+-------++-------
Melee: War axe           |   137 |   186 ||   323
       Unarmed           |       |     4 ||     4
  Use: Potion            |       |     5 ||     5
 Stab: Invisible         |       |     3 ||     3
  Eat: Chunk             |     2 |     5 ||     7
       Ration            |       |     2 ||     2
Armor: Scale mail        |    56 |    98 ||   154
       Skin              |       |     2 ||     2
Dodge: Dodged            |    47 |    48 ||    95
Block: Shield            |    72 |   109 ||   181
